 Dungeon Crawl Stone Soup version 0.14-a0-2679-gcb94c3d (webtiles) character file.

182 Bikalo the Ruinous (level 4, 0/24 HPs)
             Began as a Deep Elf Conjurer on Feb 17, 2014.
             Slain by Grinder (11 damage)
             ... while paralysed by Grinder
             ... on Level 3 of the Dungeon.
             The game lasted 00:05:45 (1531 turns).

Bikalo the Ruinous (Deep Elf Conjurer)              Turns: 1531, Time: 00:05:45

HP   0/24        AC  2     Str  6      XL: 4   Next: 58%
MP   7/13        EV  2     Int 20      God:
Gold 74          SH  0     Dex 15      Spells:  3 memorised,  3 levels left

rFire  . . .     SeeInvis .     m - +2 dwarf short sword (vamp)
rCold  . . .     Clarity  .     a - +0 elf robe
rNeg   . . .     Conserve .     (no shield)
rPois  .         rCorr    .     (no helmet)
rElec  .         rRot     .     (no cloak)
SustAb . .       Spirit   .     (no gloves)
rMut   .         Warding  .     (no boots)
Saprov . . .     Stasis   .     (no amulet)
MR     .....                    (no ring)
                                (no ring)

@: paralysed, not resistant to hostile enchantments, fairly stealthy
A: no striking features
a: no special abilities


You were on level 3 of the Dungeon.
You were not hungry.

You visited 1 branch of the dungeon, and saw 3 of its levels.

You collected 74 gold pieces.

Inventory:

Hand weapons
 m - a +2,+2 dwarven vampiric short sword (weapon)
Armour
 a - a +0 elven robe (worn)
Magical devices
 n - a wand of confusion (0)
Comestibles
 b - 3 bread rations
Scrolls
 d - 3 scrolls of teleportation {unknown}
 h - a scroll of enchant weapon I {unknown}
 i - a scroll of curse weapon {unknown}
 k - 3 scrolls of identify {unknown}
 l - a scroll of enchant weapon II {unknown}
 o - a scroll of remove curse {unknown}
 p - a scroll of fear {unknown}
Jewellery
 f - an uncursed amulet of clarity {unknown}
Potions
 e - a potion of agility {unknown}
 g - 2 potions of heal wounds
 j - a potion of degeneration {unknown}
Books
 c - a book of Conjurations

   Spells                             Type                      Level
   *Magic Dart                        Conjuration                  1
   *Searing Ray                       Conjuration                  2
   *Dazzling Spray                    Conjuration/Hexes            3
   Iskenderun's Mystic Blast          Conjuration                  4
   Iskenderun's Battlesphere          Conjuration/Charms           4
   Fulminant Prism                    Conjuration/Hexes            5


   Skills:
 - Level 2.4 Dodging
 - Level 2.4 Stealth
 - Level 3.0 Spellcasting
 + Level 6.6 Conjurations


You had 3 spell levels left.
You knew the following spells:

 Your Spells              Type           Power        Failure   Level  Hunger
a - Magic Dart            Conj           ####         1%          1    None
b - Searing Ray           Conj           ####..       1%          2    ##.....
c - Dazzling Spray        Conj/Hex       ###.....     12%         3    ###....


Dungeon Overview and Level Annotations

Branches:
Dungeon (3/16)

Altars:
Zin

Annotations:
D:3 Grinder


Message History

The adder is lightly wounded.
The adder is dazzled.
The spray of energy hits Grinder.
Grinder is lightly wounded.
Grinder is dazzled.
Casting: Dazzling Spray
Confirm with . or Enter, or press ? or * to list all spells.
Aiming: Searing Ray
Press: ? - help, Shift-Dir - straight line, f - Grinder
Aim: Grinder (lightly wounded, blind)
The searing ray misses Grinder.
The searing ray hits Grinder.
Grinder is moderately wounded.
Grinder gestures at you.
You suddenly lose the ability to move!
The adder bites you but does no damage. The adder bites you.
The adder bites you. Grinder hits you.
You writhe in agony.
Grinder is no longer blind.
The hobgoblin hits you but does no damage.
The adder bites you. Grinder hits you!
You die...

. #. $.
#.
.##.##
....# #
#...#
#.#...#
##.....#
#....g@#
#....S5#
#.....##
##.%..
#....
......
...## ..


You could see Grinder, an adder (blind) and a hobgoblin.

Vanquished Creatures
  Ijyb (D:2)
  4 adders (D:2)
  A worm (D:2)
  3 giant geckos
  5 bats
  2 giant cockroaches
  5 hobgoblins
  6 kobolds
  5 ball pythons
  3 giant newts (D:1)
  A goblin (D:1)
  5 jackals (D:2)
  7 rats
48 creatures vanquished.

Notes
Turn   | Place    | Note
--------------------------------------------------------------
     0 | D:1      | Bikalo, the Deep Elf Conjurer, began the quest for the Orb.
     0 | D:1      | Reached XP level 1. HP: 10/10 MP: 5/5
   156 | D:1      | Reached XP level 2. HP: 10/15 MP: 1/8
   271 | D:1      | Reached skill level 5 in Conjurations
   280 | D:1      | Learned a level 2 spell: Searing Ray
   878 | D:2      | Reached XP level 3. HP: 12/19 MP: 3/10
  1058 | D:2      | Reached skill level 6 in Conjurations
  1058 | D:2      | Reached XP level 4. HP: 21/24 MP: 2/13
  1087 | D:2      | Noticed Ijyb
  1135 | D:2      | Killed Ijyb
  1144 | D:2      | HP: 1/24 [poisoned by an adder]
  1313 | D:2      | Learned a level 3 spell: Dazzling Spray
  1474 | D:2      | Noticed an angel
  1475 | D:2      | Found a glowing silver altar of Zin.
  1525 | D:3      | Noticed Grinder
  1528 | D:3      | Paralysed by Grinder for 5 turns
  1531 | D:3      | Slain by Grinder

Action                   |  1- 3 |  4- 6 || total
-------------------------+-------+-------++-------
Melee: Short sword       |    11 |    18 ||    29
       Unarmed           |       |     6 ||     6
 Cast: Magic Dart        |    57 |    12 ||    69
       Searing Ray       |       |     2 ||     2
       Dazzling Spray    |       |     1 ||     1
  Use: Potion            |       |     1 ||     1
 Stab: Sleeping          |       |     1 ||     1
